 Dungeon Crawl Stone Soup version 0.28.0-53-g5a82cb258f (webtiles) character file.

Game seed: 17533162338184900854

214 safid the Chopper (level 5, -10/46 HPs)
             Began as a Hill Orc Fighter on Aug 7, 2022.
             Was an Initiate of Beogh.
             Killed by divine providence
             ... invoked by an orc priest
              (13 damage)
             ... on level 4 of the Dungeon.
             The game lasted 00:03:28 (2706 turns).

safid the Chopper (Hill Orc Fighter)                Turns: 2706, Time: 00:03:29

Health: -10/46     AC: 11    Str: 21    XL:     5   Next: 92%
Magic:  5/5        EV:  7    Int:  8    God:    Beogh [......]
Gold:   116        SH:  0    Dex: 10    Spells: 4/4 levels left

rFire   . . .      SeeInvis +   a - +0 war axe
rCold   . . .      Faith    .   c - +0 buckler
rNeg    . . .      Spirit   .   o - +0 chain mail
rPois   .          Reflect  .   (no helmet)
rElec   .          Harm     .   j - +0 cloak
rCorr   .          Rampage  .   (no gloves)
Will    .....                   r - +0 pair of boots
Stlth   ..........              (no amulet)
HPRegen 0.15/turn               l - ring of see invisible
MPRegen 0.09/turn               (no ring)

@: confused
A: no striking features
a: Renounce Religion


You were on level 4 of the Dungeon.
You worshipped Beogh.
Beogh was noncommittal.
You visited 1 branch of the dungeon, and saw 4 of its levels.

You collected 116 gold pieces.

Inventory:

Hand Weapons
 a - a +0 war axe (weapon)
Armour
 c - a +0 buckler (worn)
 j - a +0 cloak (worn)
 o - a +0 chain mail (worn)
 r - a +0 pair of boots (worn)
Jewellery
 l - a ring of see invisible (left hand)
 t - an amulet of the acrobat
Wands
 g - a wand of iceblast (9)
 k - a wand of flame (18)
Scrolls
 e - a scroll of enchant armour {unknown}
 f - 2 scrolls of identify {unknown}
 h - 3 scrolls of teleportation {unknown}
 i - a scroll of noise {unknown}
 n - a scroll of blinking {unknown}
 p - a scroll of fog {unknown}
 q - a scroll of amnesia {unknown}
 s - 3 scrolls of fear {unknown}
Potions
 b - 2 potions of brilliance {unknown}
 d - a potion of might
 m - a potion of heal wounds {unknown}


   Skills:
 - Level 4.0 Fighting
 + Level 6.6 Axes
 - Level 4.0 Armour
 - Level 4.0 Shields


You had 4 spell levels left.
You didn't know any spells.
Your spell library contained the following spells:

 Spells                   Type           Power      Damage    Failure   Level
 Sublimation of Blood     Necr           0%         N/A       100%        2
 Petrify                  Tmut/Erth      0%         N/A       100%        4
 Irradiate                Conj/Tmut      0%         3d13      100%        5


Dungeon Overview and Level Annotations

Branches:
Dungeon (4/15)
 Temple: D:4-7

Altars:
Xom


Message History

The orc wizard closely misses you. The orc priest hits you with a +0 club.
The orc wizard hits you but does no damage.
Unknown command.
You completely miss the orc wizard. You miss the orc priest.
You miss the orc wizard. The orc wizard completely misses you.
The orc priest hits you with a +0 club.
The orc wizard hits you with a +0 dagger.
The orc priest calls upon Beogh to heal the orc priest.
The orc priest's wounds heal themselves!
The orc wizard hits you but does no damage.
You bump into the rock wall.
You feel less confused.
The orc priest looks encouraged for a moment.
The orc wizard hits you but does no damage.
You block the orc wizard's attack.
Unknown command.
The orc wizard completely misses you.
The orc priest hits you but does no damage.
Unknown command.
The orc wizard gestures at you while chanting.
You are confused.
The orc wizard points at you and mumbles some strange words.
The orc wizard resists with some effort.
You bump into the rock wall.
The orc priest completely misses you.
You bump into the rock wall.
The orc priest casts a cantrip, but nothing happens.
Unknown command.
You slash the orc wizard!
The orc wizard is heavily wounded.
The orc wizard gestures at you while chanting.
The magic dart hits the orc wizard.
The orc priest mumbles some strange prayers to Beogh against you.
Beogh smites you!
* * * LOW HITPOINT WARNING * * *
You hit the orc wizard but do no damage.
The orc wizard is almost dead.
The orc priest calls down the wrath of Beogh upon you.
Beogh smites you!
You die...
Beogh appreciates the orc priest's killing of a heretic priest.

#.#.....# #.##.....
#.####.### #.####.#
##......# #.......#
## #.......# ##.##
#
#.......#####o..#.#
#..........@oo....#
#.......#####o..#.#
#.......# ##)#....#
#.......# ......#
####.#### ......#
#.# ###.## #.# .#
#.# # #.#


You could see 2 orc priests and 2 orc wizards.

Vanquished Creatures
  An ogre (D:4)
  An orc priest (D:3)
  A hound (D:4)
  An adder (D:2)
  An ufetubus (D:4)
  An adder skeleton (D:4)
  A worm (D:3)
  3 dart slugs
  3 orcs
  2 bats
  An endoplasm (D:2)
  3 giant cockroaches (D:1)
  5 goblins
  3 hobgoblins
  2 kobolds
  6 quokkas
  5 ball pythons
  3 frilled lizards (D:1)
  4 rats
47 creatures vanquished.

Vanquished Creatures (others)
  An orc wizard (D:2)
  An orc (D:2)
2 creatures vanquished.

Grand Total: 49 creatures vanquished

Notes
Turn   | Place    | Note
-------+----------+-------------------------------------------
     0 | D:1      | safid the Hill Orc Fighter began the quest for the Orb.
     0 | D:1      | Reached XP level 1. HP: 19/19 MP: 1/1
   126 | D:1      | Reached skill level 3 in Axes
   126 | D:1      | Reached XP level 2. HP: 27/27 MP: 2/2
   336 | D:1      | Reached XP level 3. HP: 32/33 MP: 3/3
   810 | D:2      | Became a worshipper of Beogh the Brigand
  1609 | D:3      | Found a shimmering altar of Xom.
  1787 | D:3      | Found a shimmering altar of Xom.
  1982 | D:3      | Reached skill level 4 in Axes
  1982 | D:3      | Reached XP level 4. HP: 23/40 MP: 4/4
  2179 | D:3      | Found a shimmering altar of Xom.
  2179 | D:3      | Found a shimmering altar of Xom.
  2182 | D:3      | Found a shimmering altar of Xom.
  2344 | D:4      | Reached skill level 5 in Axes
  2344 | D:4      | Reached XP level 5. HP: 42/46 MP: 5/5
  2537 | D:4      | Noticed an ogre
  2540 | D:4      | Killed an ogre
  2541 | D:4      | Reached skill level 6 in Axes
  2706 | D:4      | Killed from afar by an orc priest

Illustrated notes

Levels and vault maps discovered:
D:1:      matt_arrival_spirals, layout_loops_ring
D:2:      cheibrodos_pilgrimage, layout_basic
D:3:      layout_loops_cross, xom_redecorated
D:4:      layout_loops_corners

Skill      XL: |  1  2  3  4  5 |
---------------+----------------+-----
Axes           | 3 4 5 6 |  6.6
Fighting       | 4 |  4.0
Armour         | 4 |  4.0
Shields        | 4 |  4.0

Action                   |  1- 3 |  4- 6 || total
-------------------------+-------+-------++-------
Melee: War axe           |    99 |    46 ||   145
Invok: Convert to Beogh  |     1 |       ||     1
Evoke: Wand              |       |     3 ||     3
Armor: Scale mail        |    32 |       ||    32
       Chain mail        |    18 |    31 ||    49
Dodge: Dodged            |    40 |    28 ||    68
Block: Buckler           |    20 |     9 ||    29
